 Dungeon Crawl Stone Soup version 0.29-a0-11-ga75d3d97ab (webtiles) character file.

Game seed: 238564451677982508

1103 testman the Skirmisher (level 8, -8/66 (83) HPs)
             Began as a Troll Hunter on Jan 28, 2022.
             Was an Elder of Jiyva.
             Mangled by a wight (15 damage)
             ... on level 6 of the Dungeon.
             The game lasted 00:14:11 (3589 turns).

testman the Skirmisher (Troll Hunter)               Turns: 3589, Time: 00:14:12

HP:   -8/66 (83)    AC: 12    Str: 23    XL:     8   Next: 10%
MP:   9/9           EV:  9    Int:  7    God:    Jiyva [****..]
Gold: 135           SH:  0    Dex: 10    Spells: 7/7 levels left

rFire   + . .      SeeInvis .   d - +2 flail (protect)
rCold   + . .      Faith    .   (no shield)
rNeg    . . .      Spirit   .   b - +0 robe
rPois   .          Reflect  .   o - +0 hat
rElec   .          Harm     .   s - +0 cloak
rCorr   +          Rampage  .   (gloves unavailable)
Will    .....                   (boots unavailable)
Stlth   +.........              (no amulet)
HPRegen 2.29/turn               m - ring of protection from fire
MPRegen 0.51/turn               (no ring)

@: under a protective aura, studying Long Blades, heavily drained
A: large, unfitting armour, claws 3, regeneration 1, shaggy fur 1, tough skin 1,
cold resistance 1, high mp 3
a: Renounce Religion, Oozemancy, Slimify


You were on level 6 of the Dungeon.
You worshipped Jiyva.
Jiyva was greatly pleased with you.
You visited 1 branch of the dungeon, and saw 6 of its levels.

You collected 135 gold pieces.

Inventory:

Hand Weapons
 d - a +2 flail of protection (weapon)
 u - a +0 morningstar
Missiles
 c - 4 large rocks (quivered)
 f - 108 stones
 n - 5 curare-tipped darts
 p - 4 poisoned darts
 t - a throwing net
Armour
 b - a +0 robe (worn)
 o - a +0 hat (worn)
 s - a +0 cloak (worn)
Jewellery
 m - a ring of protection from fire (left claw)
Wands
 r - a wand of digging (4)
Scrolls
 a - a scroll of enchant weapon {unknown}
 h - 3 scrolls of identify {unknown}
 k - a scroll of vulnerability {unknown}
 q - 2 scrolls of teleportation {unknown}
Potions
 e - a potion of lignification {unknown}
 g - a potion of flight {unknown}
 i - a potion of invisibility {unknown}
 j - a potion of attraction {unknown}
 l - a potion of mutation {unknown}


   Skills:
 + Level 5.8 Fighting
 + Level 4.8 Maces & Flails
 - Level 5.0 Throwing
 - Level 1.5 Dodging
 - Level 0.3 Stealth


You had 7 spell levels left.
You didn't know any spells.
Your spell library contained the following spells:

 Spells                   Type           Power      Damage    Failure   Level
 Ignite Poison            Fire/Tmut/Pois 0%         N/A       80%         3
 Mephitic Cloud           Conj/Pois/Air  0%         N/A       80%         3
 Freezing Cloud           Conj/Ice/Air   0%         6-21      100%        5


Dungeon Overview and Level Annotations

Branches:
Dungeon (6/15)
 Temple: D:4-7

Altars:
Nemelex Xobeh
Okawaru
Jiyva

Shops:
D:5 [


Innate Abilities, Weirdness & Mutations

You are too large for most types of armour.
You have claws for hands.
Your natural rate of healing is unusually fast.
You are covered in fur. (AC +1)
You have tough skin. (AC +1)
Your flesh is cold resistant. (rC+)
You have a greatly increased reservoir of magic. (+30% MP)


Message History

You hit the wight. You claw the wight, but do no damage.
The wight is severely damaged.
The wight hits you but does no damage. The wight hits you with a +4 war axe.
You feel drained.
You thump the wight!
You destroy the wight!
The wight hits you but does no damage.
You hit the wight but do no damage. The wight hits you with a +4 war axe!
You feel drained.
You are too injured to fight recklessly!
You are too injured to fight recklessly!
You are too injured to fight recklessly!
You are too injured to fight recklessly!
You closely miss the wight. The wight hits you with a +4 war axe!
You sock the wight!
The wight is heavily damaged.
The wight hits you with a +4 war axe!
You feel drained.
* * * LOW HITPOINT WARNING * * *
The wight barely misses you.
You hit the wight but do no damage.
The wight is heavily damaged.
The wight hits you with a +4 war axe!
* * * LOW HITPOINT WARNING * * *
Okay, then.
You barely miss the wight.
The wight is heavily damaged.
The wight hits you but does no damage.
You hit the wight.
The wight is almost destroyed.
The wight hits you with a +4 war axe.
* * * LOW HITPOINT WARNING * * *
You feel drained.
You hit the wight but do no damage.
The wight is almost destroyed.
The wight hits you with a +4 war axe!
* * * LOW HITPOINT WARNING * * *
You barely miss the wight.
The wight is almost destroyed.
The wight hits you with a +4 war axe!
You die...

#...<.#
#.....#
#.....#
#.....##
##....).##
#........#
#...)....#
#...@....#
#....z...#
#........#
#........#
##.......#
#......#.#
########.#
#


You could see a wight.

Vanquished Creatures
  A centaur zombie (D:5)
  A black bear (D:2)
  A necrophage (D:3)
  A kobold brigand (D:5)
  2 phantoms (D:4)
  2 wights
  Crazy Yiuf (D:3)
  2 hounds
  A centaur skeleton (D:4)
  An iguana (D:4)
  Robin (D:4)
  9 gnolls
  4 adders
  A white imp (D:5)
  3 dart slugs
  5 orcs
  2 endoplasms (D:2)
  2 giant cockroaches (D:1)
  7 goblins
  7 hobgoblins
  2 jackals (D:2)
  A quokka (D:2)
  3 ball pythons (D:1)
  4 bats
  2 frilled lizards
  9 kobolds
  3 rats
78 creatures vanquished.

Vanquished Creatures (others)
  A phantom (D:5)
  4 jellies
  A wight (D:5)
  An orc (D:5)
  2 goblins (D:4)
  2 hobgoblins (D:4)
  A quokka (D:5)
  3 ball pythons (D:4)
  4 kobolds (D:5)
  2 rats (D:5)
  A fungus (D:3)
  19 plants (D:5)
41 creatures vanquished.

Grand Total: 119 creatures vanquished

Notes
Turn   | Place    | Note
-------+----------+-------------------------------------------
     0 | D:1      | testman the Troll Hunter began the quest for the Orb.
     0 | D:1      | Reached XP level 1. HP: 19/19 MP: 0/0
    14 | D:1      | Reached XP level 2. HP: 28/28 MP: 1/1
   892 | D:2      | Noticed a black bear
   904 | D:2      | Killed a black bear
   905 | D:2      | Reached XP level 3. HP: 30/37 MP: 2/2
   905 | D:2      | Reached XP level 4. HP: 37/45 MP: 3/3
  1256 | D:2      | Reached XP level 5. HP: 53/53 MP: 4/4
  1345 | D:3      | Found a faded altar of an unknown god.
  1353 | D:3      | Prayed at the altar of an unknown god.
  1353 | D:3      | Became a worshipper of Jiyva Jafawet the Shapeless
  1353 | D:3      | Reached * piety under Jiyva
  1459 | D:3      | Found a sparkling altar of Nemelex Xobeh.
  1594 | D:3      | Reached skill level 5 in Throwing
  1858 | D:3      | Reached ** piety under Jiyva
  1875 | D:3      | Noticed a necrophage
  1877 | D:3      | Killed a necrophage
  1878 | D:3      | Reached skill level 1 in Maces & Flails
  1878 | D:3      | Reached XP level 6. HP: 62/62 MP: 5/5
  1989 | D:3      | Found a runed translucent door.
  1990 | D:3      | Noticed Crazy Yiuf
  2023 | D:3      | Killed Crazy Yiuf
  2217 | D:4      | Identified the +2 pair of gloves of Narcissism {Fly Int+5
                  | Slay-3 SInv}
  2272 | D:4      | Noticed Robin
  2291 | D:4      | Killed Robin
  2443 | D:4      | Reached XP level 7. HP: 71/71 MP: 6/6
  2819 | D:5      | Entered Level 5 of the Dungeon
  2832 | D:5      | Reached *** piety under Jiyva
  2832 | D:5      | Gained mutation: You have an increased reservoir of magic.
                  | (+10% MP) [Jiyva's grace]
  2832 | D:5      | Gained mutation: You have a considerably increased
                  | reservoir of magic. (+20% MP) [Jiyva's grace]
  2832 | D:5      | Gained mutation: You have a greatly increased reservoir of
                  | magic. (+30% MP) [Jiyva's grace]
  2832 | D:5      | Gained mutation: Your flesh is cold resistant. (rC+)
                  | [Jiyva's grace]
  2969 | D:5      | Reached skill level 5 in Fighting
  3037 | D:5      | Found the +7 Kryia's mail coat {PotionHeal*2 rC+}
  3119 | D:5      | Found an iron altar of Okawaru.
  3151 | D:5      | Found Xavvyir's Antique Armour Shoppe.
  3202 | D:5      | Reached **** piety under Jiyva
  3393 | D:5      | Reached XP level 8. HP: 83/83 MP: 9/9
  3589 | D:6      | Mangled by a wight

Illustrated notes

Levels and vault maps discovered:
D:1:      sevenhm_arrival_forest_fort_small_3, layout_loops_corners
D:2:      layout_rooms
D:3:      layout_loops_ring, mainiacjoe_overflow_alcove_2,
          shapermc_ecumenical_altar_totnotflames, uniq_crazy_yiuf_cottage
D:4:      layout_cave_pools, skrybe_limestone_x, uniq_robin
D:5:      layout_basic, mainiacjoe_overflow_concentric_impassable, serial_shops,
          shop, dk_noncrumbling_4, hangedman_abyss_or_decor_passed,
          lexackson_kobold_supper
D:6:      layout_cave_pods, mainiacjoe_overflow_catwalk_spiral,
          minmay_temple_entry_drinking_statues, uniq_pikel

Skill      XL: |  1  2  3  4  5  6  7 |
---------------+----------------------+-----
Fighting       | 2 3 4 5 |  5.8
Throwing       | 4 5 |  5.0
Maces & Flails | 1 3 4 |  4.8
Dodging        | |  1.5
Stealth        | |  0.3

Action                   |  1- 3 |  4- 6 |  7- 9 || total
-------------------------+-------+-------+-------++-------
Melee: Short sword       |    40 |   106 |       ||   146
       Punch             |     1 |     3 |     2 ||     6
       Flail             |       |    94 |    71 ||   165
Throw: Large rock        |     4 |     8 |       ||    12
       Throwing net      |     1 |     1 |       ||     2
 Stab: Sleeping          |     1 |     1 |       ||     2
       Held in net/web   |       |     2 |       ||     2
Armor: Robe              |    24 |   129 |    48 ||   201
Dodge: Dodged            |    21 |   114 |    54 ||   189

Table legend: (Time is in decaauts)
 A = Elapsed time spent in this place.
 B = Non-inter-level travel time spent in this place.
 C = Inter-level travel time spent in this place.
 D = Time resting spent in this place.
 E = Time spent auto-exploring this place.
 F = Levels seen in this place.
 G = Mean time per level.
                   A        B        C        D        E       F      G
               +--------+--------+--------+--------+--------+-----+--------+
         Total |   3654 |   3581 |     73 |    105 |   2635 |   6 |  609.0 |
       Dungeon |   3654 |   3581 |     73 |    105 |   2635 |   6 |  609.0 |
               +--------+--------+--------+--------+--------+-----+--------+

Top non-repeatable levels by time:
     D:3: 942 daAuts
     D:1: 879 daAuts
     D:5: 756 daAuts
     D:4: 614 daAuts
     D:2: 437 daAuts
     D:6: 22 daAuts
